 Dungeon Crawl Stone Soup version 0.22-a0-305-gd21a89c (webtiles) character file.

273 xccam the Chopper (level 6, 0/47 HPs)
             Began as a Formicid Fighter on Mar 30, 2018.
             Slain by a hobgoblin
             ... wielding a +0 trident
             ... led by Robin
              (7 damage)
             ... on level 3 of the Dungeon.
             The game lasted 00:04:32 (2067 turns).

xccam the Chopper (Formicid Fighter)                Turns: 2067, Time: 00:04:33

Health: 0/47       AC:  6    Str: 28    XL:     6   Next: 48%
Magic:  6/6        EV:  8    Int:  7    God:
Gold:   115        SH: 10    Dex: 10    Spells: 5/5 levels left

rFire    . . .     SeeInvis +   a - +0 war axe
rCold    . . .     Gourm    .   c - +0 shield
rNeg     . . .     Faith    .   b - +0 scale mail
rPois    .         Spirit   .   (helmet unavailable)
rElec    .         Reflect  .   (no cloak)
rCorr    .         Harm     .   (no gloves)
MR       .....                  (no boots)
Stlth    ..........             (no amulet)
HPRegen  0.15/turn              t - ring of see invisible
MPRegen  0.10/turn              (no ring)

@: mighty
A: permanent stasis, dig shafts and tunnels, four strong arms, antennae 3
a: Dig, Shaft Self


You were on level 3 of the Dungeon.
You were not hungry.

You visited 1 branch of the dungeon, and saw 3 of its levels.

You collected 115 gold pieces.

Inventory:

Hand Weapons
 a - a +0 war axe (weapon)
Armour
 b - a +0 scale mail (worn)
 c - a +0 shield (worn)
Jewellery
 p - an uncursed ring of ice
 t - a ring of see invisible (left hand)
Scrolls
 h - a scroll of noise {unknown}
 l - 3 scrolls of enchant weapon {unknown}
 m - 4 scrolls of identify {unknown}
 o - 2 scrolls of magic mapping {unknown}
 q - a scroll of enchant armour {unknown}
 r - a scroll of fog {unknown}
 s - a scroll of immolation {unknown}
Potions
 d - a potion of might
 e - a potion of degeneration {unknown}
 g - a potion of berserk rage {unknown}
 i - 4 potions of curing {unknown}
 j - a potion of lignification {unknown}
 k - 2 potions of flight {unknown}
 n - a potion of brilliance {unknown}
Comestibles
 f - 9 rations
 u - 2 chunks of flesh


   Skills:
 - Level 3.2 Fighting
 + Level 6.4 Axes
 - Level 3.2 Armour
 - Level 3.6 Shields


You had 5 spell levels left.
You didn't know any spells.

Dungeon Overview and Level Annotations

Branches:
Dungeon (3/15)

Altars:
Qazlal
Uskayaw
Vehumet

Annotations:
D:3 Robin


Innate Abilities, Weirdness & Mutations

You cannot be hasted, slowed, berserked, paralysed or teleported.
You can dig through walls and to a lower floor.
Your four strong arms can wield two-handed weapons with a shield.
You have a pair of large antennae on your head. (SInv)


Message History

You block Robin's attack.
The hobgoblin hits you from afar with a trident.
Unknown command.
You barely miss Robin. Robin hits you with a club.
You block the hobgoblin's attack.
Unknown command.
You barely miss Robin. You block Robin's attack.
The hobgoblin hits you from afar with a trident.
Unknown command.
You slash Robin!
Robin is heavily wounded.
The hobgoblin no longer looks unusually strong.
Robin roars a battlecry!
The hobgoblin goes into a battle-frenzy!
The hobgoblin hits you from afar with a trident!
* * * LOW HITPOINT WARNING * * *
You feel very mighty all of a sudden. Robin closely misses you.
The hobgoblin hits you from afar with a trident!
You die...

{ #.....#......≈≈(
##+ #....)##'##..≈≈(
#.. #....)#...#..≈≈(
#.. #.....#.†.#..≈≈.
#.. #.†...#...#..≈≈.
##'##.....##'##..≈≈.
#.(.(†...)...#...≈≈.
#.)..)((.....#...≈≈#
#..@##########...≈≈#
#.)g# ####≈≈# #..g'
≈≈# #...'. #######


You could see Robin and a hobgoblin.

Vanquished Creatures
  An orc priest (D:3)
  Natasha (thrice) (D:2)
  Terence (D:2)
  A hound skeleton (D:2)
  5 adders
  3 oozes
  2 worms (D:2)
  3 leopard geckos
  2 orcs (D:3)
  A giant cockroach (D:3)
  16 goblins
  6 hobgoblins
  5 jackals (D:3)
  5 kobolds
  A quokka (D:2)
  7 bats
  4 frilled lizards
  5 rats
71 creatures vanquished.

Vanquished Creatures (others)
  A giant cockroach (D:2)
1 creature vanquished.

Grand Total: 72 creatures vanquished

Notes
Turn   | Place    | Note
-------+----------+-------------------------------------------
     0 | D:1      | xccam the Formicid Fighter began the quest for the Orb.
     0 | D:1      | Reached XP level 1. HP: 18/18 MP: 1/1
   133 | D:1      | Reached XP level 2. HP: 19/24 MP: 2/2
   492 | D:2      | Noticed Terence
   504 | D:2      | Killed Terence
   504 | D:2      | Reached skill level 3 in Axes
   504 | D:2      | Reached XP level 3. HP: 16/29 MP: 3/3
   707 | D:2      | Reached skill level 4 in Axes
   707 | D:2      | Reached XP level 4. HP: 15/35 MP: 4/4
   981 | D:2      | Found a radiant altar of Vehumet.
  1000 | D:2      | Noticed Natasha
  1012 | D:2      | Killed Natasha
  1012 | D:2      | Reached XP level 5. HP: 23/41 MP: 5/5
  1040 | D:2      | Noticed Natasha
  1049 | D:2      | Killed Natasha
  1049 | D:2      | Reached skill level 5 in Axes
  1053 | D:2      | Noticed Natasha
  1062 | D:2      | Killed Natasha
  1226 | D:2      | Found a stormy altar of Qazlal.
  1383 | D:2      | Found a hide-covered altar of Uskayaw.
  1731 | D:3      | Reached XP level 6. HP: 47/47 MP: 6/6
  1974 | D:3      | Reached skill level 6 in Axes
  2054 | D:3      | Noticed Robin
  2067 | D:3      | Slain by a hobgoblin

Vault maps used:
D:1:      minmay_arrival_floating_metal
D:2:      marbit_many_paths, fiery_altar_vehumet, overflow_temple_1_default,
          serial_bayou_lagoon_a, uniq_terence, uniq_natasha
D:3:      kennysheep_goblin_castle

Skill      XL: |  1  2  3  4  5  6 |
---------------+-------------------+-----
Axes           | 3 4 5 6 |  6.4
Fighting       | |  3.2
Armour         | |  3.2
Shields        | |  3.6

Action                   |  1- 3 |  4- 6 || total
-------------------------+-------+-------++-------
Melee: War axe           |    44 |   146 ||   190
  Use: Potion            |     1 |     2 ||     3
  Eat: Chunk             |       |     4 ||     4
Armor: Scale mail        |    13 |    66 ||    79
Dodge: Dodged            |    18 |    55 ||    73
Block: Shield            |    23 |   103 ||   126

Table legend:
 A = Spawn XP
 B = Non-spawn XP
 C = Spawn XP percentage of total XP
 D = Spawn monster count
 E = Non-spawn monster count
 F = Spawn count percentage of total count
 G = Total turns spent on level
                    A         B        C        D         E        F      G
               +---------+---------+-------+---------+---------+-------+---------
         Total |       0 |     391 |   0.0 |       0 |      71 |   0.0 |  2067
               +---------+---------+-------+---------+---------+-------+---------
           D:1 |       0 |      13 |   0.0 |       0 |       8 |   0.0 |   488
           D:2 |       0 |     243 |   0.0 |       0 |      31 |   0.0 |  1019
           D:3 |       0 |     135 |   0.0 |       0 |      32 |   0.0 |   560
               +---------+---------+-------+---------+---------+-------+---------
